Cogmind - Beta 12 @@@ ROGUE MODE // 2023.05.21 @ 15:07:56 Player: Shadow Pussy wanter Result: Destroyed by DAS Turret with DAS Cannon Performance ------------- Evolutions (1) 500 Regions Visited (5) 1000 Robots Destroyed (69) 345 Value Destroyed (1526) 1526 Prototype IDs (23) 460 Alien Tech Used (0) 0 Bonus (300) 300 TOTAL SCORE: 4131 Bonus ------- Aligned with FarCom 300 Cogmind --------- Core Integrity 0/400 Matter 285/300 Energy 100/100 System Corruption 13% Temperature Cool (20) Movement Core (350) Ox6 Location -9/Exiles Parts ------- > --- POWER (1) -------- (None) > --- PROPULSION (2) --- (None) > --- UTILITY (3) ------ Large Storage Unit > --- WEAPON (3) ------- (None) > --- INVENTORY (15) --- Light Ion Engine Light Treads Light Treads Light Treads High-capacity Matter Pod (200) Improved Terrain Scanner Hardened Light Armor Plating Hardened Light Armor Plating Hardened Light Armor Plating Particle Gun Particle Gun Light Assault Rifle Field Lobotomy Kit (5) Peak State ------------ > --- POWER ------------ Improved Ion Engine > --- PROPULSION ------- Light Treads Light Treads > --- UTILITY ---------- Cooling System Large Storage Unit Hardened Light Armor Plating > --- WEAPON ----------- Heavy Assault Rifle Autogun Autogun > --- INVENTORY -------- Light Ion Engine Light Treads Light Treads Light Treads High-capacity Matter Pod Improved Terrain Scanner Hardened Light Armor Plating Hardened Light Armor Plating Hardened Light Armor Plating Particle Gun Particle Gun Light Assault Rifle Grenade Launcher Rocket Launcher Field Lobotomy Kit [Rating: 18] Favorites ----------- Power Improved Ion Engine Engine Improved Ion Engine Propulsion Light Treads Treads Light Treads Leg Aluminum Leg Utility Large Storage Unit Device Cooling System Storage Large Storage Unit Processor Targeting Computer Protection Hardened Light Armor Plating Weapon Autogun Energy Gun Small Laser Ballistic Gun Autogun Launcher Grenade Launcher Build | -11 -10 -10 -9 -9 -9 ------- Run | Jun Mat Min Mat Min Exi Slots Evolved 2 | . . . 2 . . Power . | . . . . . . Propulsion . | . . . . . . Utility 1 | . . . 1 . . Weapon 1 | . . . 1 . . Parts Attached 49 | 8 4 7 24 4 2 Power 7 | 1 . 3 2 1 . Engine 7 | 1 . 3 2 1 . Core . | . . . . . . Reactor . | . . . . . . Propulsion 10 | 2 . 3 4 1 . Treads 8 | 2 . 1 4 1 . Leg 2 | . . 2 . . . Wheel . | . . . . . . Hover . | . . . . . . Flight . | . . . . . . Utility 16 | 2 4 . 8 2 . Device 4 | 1 . . 3 . . Storage 4 | 1 3 . . . . Processor 1 | . 1 . . . . Hackware . | . . . . . . Protection 7 | . . . 5 2 . Artifact . | . . . . . . Weapon 16 | 3 . 1 10 . 2 Energy Gun 3 | 1 . . 2 . . Energy Cannon . | . . . . . . Ballistic Gun 10 | 2 . 1 7 . . Ballistic Cannon . | . . . . . . Launcher 3 | . . . 1 . 2 Special Weapon . | . . . . . . Impact Weapon . | . . . . . . Slashing Weapon . | . . . . . . Piercing Weapon . | . . . . . . Special Melee Weapon . | . . . . . . Unidentified Prototypes . | . . . . . . Parts Lost 20 | . . 5 5 . 10 Power 5 | . . 3 1 . 1 Propulsion 4 | . . 2 . . 2 Utility 4 | . . . 2 . 2 Weapon 7 | . . . 2 . 5 Highest Loss Streak 10 | . . 3 3 . 10 To Critical Strikes 2 | . . . 2 . . Average Slot Usage (%) 99 | . 99 98 98 100 99 Engine 11 | . 14 13 10 11 11 Treads 19 | . 28 22 14 22 22 Leg 4 | . . 4 7 . . Device 9 | . . . 12 11 10 Storage 11 | . 14 14 11 11 11 Processor 3 | . 12 14 . . . Protection 6 | . . . 7 11 11 Ballistic Gun 30 | . 28 28 30 33 32 Naked Turns . | . . . . . . Heaviest Build 87 | 13 87 27 43 43 43 Greatest Support 40 | 40 40 40 40 40 40 Greatest Overweight (x) 4 | 4 2 1 2 1 1 Average Overweight (x) . | 1 . . 1 . . Largest Inventory Capacity 25 | 8 25 15 15 15 15 Average Capacity 14 | 7 12 15 15 15 15 Most Carried 15 | 7 10 15 15 15 15 Average Carried 13 | 5 8 13 14 14 14 Final Capacity 15 | 8 15 15 15 15 15 Final Carried 15 | 7 10 15 15 15 13 Class Distribution -------------------- 52% | Scavenger-Tank 32% | Mutant 8% | Scavenger-Gunner 3% | Scavenger-Mutant Dominant Class ---------------- Mutant | -10/Materials Mutant | -10/Mines Scavenger-Tank | -9/Materials Scavenger-Tank | -9/Mines Scavenger-Tank | -9/Exiles Resources | -11 -10 -10 -9 -9 -9 ----------- Run | Jun Mat Min Mat Min Exi Matter Collected 2192 | 318 78 321 1031 250 194 Remotely . | . . . . . . Salvage Created 2255 | 157 254 285 1095 408 56 Parts 136 | 9 12 25 68 20 2 Haulers Intercepted 3 | . 1 . 2 . . Recyclers Shooed 6 | . 2 . 3 1 . Parts Field Recycled . | . . . . . . Retrieved Matter . | . . . . . . Parts Self-Destructed . | . . . . . . Prevented . | . . . . . . Kills | -11 -10 -10 -9 -9 -9 ------- Run | Jun Mat Min Mat Min Exi Combat Hostiles Destroyed 55 | . 5 12 25 9 4 Guns 46 | . 5 12 20 9 . AOE 9 | . . . 5 . 4 Classes Destroyed 14 | 2 3 . 6 1 2 Worker 3 | . . . 3 . . Tunneler 5 | 4 . . . 1 . Hauler 3 | . 1 . 2 . . Recycler 3 | 1 1 . . 1 . Mechanic 1 | . . . 1 . . Operator 1 | . . . 1 . . Watcher 1 | . . . 1 . . Swarmer 20 | . 3 8 6 3 . Grunt 22 | . 2 4 12 4 . Brawler 2 | . . . 1 1 . Duelist 1 | . . . . 1 . Sentry 6 | . . . 6 . . Zionite 1 | . . . . . 1 Assembled 4 | . . . . . 4 Best Kill Streak 5 | 2 4 3 5 4 5 Combat Bots Only 5 | . 3 3 5 3 4 Max Kills in Single Turn 5 | 1 1 2 2 2 5 Gunslinging 1 | . . 1 . 1 . Exploded 4 | . . . 2 . 4 Melee . | . . . . . . Uniques/NPCs Destroyed . | . . . . . . Combat | -11 -10 -10 -9 -9 -9 -------- Run | Jun Mat Min Mat Min Exi Damage Taken 2906 | . 241 526 1007 194 938 Core 569 | . 37 114 185 19 214 Absorbed by Shields . | . . . . . . Regen/Repaired (Parts) 86 | . . . 86 . . Core Remaining (%) 69 | 100 . 39 . . . Volleys Fired 165 | 19 19 32 73 19 3 Largest 3 | 2 2 2 3 3 3 Hottest 80 | 40 40 40 80 69 69 Shots Fired 399 | 38 38 64 197 56 6 Gun 392 | 38 38 64 191 56 5 Cannon . | . . . . . . Launcher 7 | . . . 6 . 1 Special . | . . . . . . Kinetic 388 | 38 38 64 187 56 5 Thermal 4 | . . . 4 . . Explosive 7 | . . . 6 . 1 Electromagnetic . | . . . . . . Robot Hit Streak 29 | 19 8 14 25 29 5 Robot Miss Streak 4 | 2 2 4 3 2 1 Penetration Max . | . . . . . . Secondary Targets 8 | . 1 1 3 3 . Max Gunslinging Chain 1 | . 1 1 1 1 . Shots Hit Robots 267 | 31 25 42 127 37 5 Core Hits 131 | 10 12 25 58 19 7 Critical Kills . | . . . . . . Critical Parts Destroyed 3 | 1 . . 2 . . Critical Strikes 4 | 1 . . 3 . . Destroy 4 | 1 . . 3 . . Melee Attacks . | . . . . . . Impact . | . . . . . . Slashing . | . . . . . . Piercing . | . . . . . . Sneak Attacks . | . . . . . . Combat Hostiles . | . . . . . . Follow-up Attacks . | . . . . . . Damage Inflicted 3733 | 246 217 339 2093 542 296 Guns 2983 | 246 217 335 1583 542 60 Cannons . | . . . . . . Explosions 738 | . . . 502 . 236 Melee . | . . . . . . Ramming 12 | . . 4 8 . . Kinetic 2951 | 246 217 335 1551 542 60 Thermal 32 | . . . 32 . . Explosive 738 | . . . 502 . 236 Electromagnetic . | . . . . . . Impact . | . . . . . . Slashing . | . . . . . . Piercing . | . . . . . . Highest Corruption 13 | . 1 1 11 11 13 Average Corruption 8 | . 1 1 10 11 11 Corruption Purged . | . . . . . . Corruption Blocked . | . . . . . . Effects 121 | . 2 4 69 28 18 Message Errors 26 | . 2 1 8 10 5 Matter Fused 41 | . . 1 29 3 8 Heat Flow Errors 17 | . . 1 10 4 2 Energy Discharges 11 | . . . 8 2 1 Parts Rejected 1 | . . . 1 . . Data Loss (minor) 5 | . . . 3 1 1 Data Loss (major) 5 | . . 1 3 1 . Misfires 6 | . . . 3 2 1 Alerts 3 | . . . 1 2 . Weapon Failures 6 | . . . 3 3 . Overload Shots . | . . . . . . Overflow Damage . | . . . . . . Projectiles . | . . . . . . Explosions . | . . . . . . Melee . | . . . . . . Knockbacks . | . . . . . . Impact . | . . . . . . Kinetic . | . . . . . . Secondary . | . . . . . . Self-Inflicted Damage 36 | . . . . . 36 Shots 1 | . . . . . 1 Rammed 6 | . . 3 2 . 1 Targets Rammed 7 | . . 3 3 . 1 Kicked . | . . . . . . Crushed 1 | . . . 1 . . Highest Temperature 252 | . 24 93 252 209 182 Average Temperature 69 | . 11 19 90 107 47 Received Heat Transfer 731 | . 60 183 234 54 200 Effects 5 | . . . 5 . . Energy Bleed 2 | . . . 2 . . Interference 3 | . . . 3 . . Siege Activations . | . . . . . . Robots Corrupted . | . . . . . . Combat Hostiles . | . . . . . . Parts Fried . | . . . . . . Impact Corruptions . | . . . . . . Robots Melted . | . . . . . . Combat Hostiles . | . . . . . . Parts Melted . | . . . . . . Heat Transferred 75 | . . . 75 . . Parts Sabotaged . | . . . . . . Parts Stolen . | . . . . . . Parts Stripped . | . . . . . . Power Chain Reactions . | . . . . . . Missiles Intercepted . | . . . . . . Alert | -11 -10 -10 -9 -9 -9 ------- Run | Jun Mat Min Mat Min Exi Peak Influence 332 | 25 153 285 332 286 . Initial 121 | . 16 . 40 121 . Average 142 | 9 85 145 160 181 . Maximum Alert Level 1 | . . 1 1 1 . Low Security (%) 68 | 100 100 73 57 59 . Level 1 31 | . . 26 42 40 . Level 2 . | . . . . . . Level 3 . | . . . . . . Level 4 . | . . . . . . Level 5 . | . . . . . . High Security . | . . . . . . Max Security . | . . . . . . Squads Dispatched 2 | . . . 2 . . Investigation . | . . . . . . Extermination . | . . . . . . Reinforcement 2 | . . . 2 . . Assault . | . . . . . . Garrison . | . . . . . . Intercept . | . . . . . . Searches Triggered . | . . . . . . Construction Impeded 1 | . . . 1 . . Haulers Reinforced . | . . . . . . Active Scanning Responses . | . . . . . . Cargo Convoy Interrupts . | . . . . . . Stealth | -11 -10 -10 -9 -9 -9 --------- Run | Jun Mat Min Mat Min Exi Distress Signals 5 | . . . 4 1 . Communications Jammed . | . . . . . . Distress Signals . | . . . . . . Times Spotted 82 | . 6 15 39 9 13 Peak Tracking Total 13 | . 3 3 6 3 13 Tactical Retreats 4 | . . 3 . . 1 Traps | -11 -10 -10 -9 -9 -9 ------- Run | Jun Mat Min Mat Min Exi Traps Triggered 2 | . 1 . 1 . . Indirectly . | . . . . . . Trap Hack Attempts . | . . . . . . Triggered . | . . . . . . Disarmed . | . . . . . . Reprogrammed . | . . . . . . Reused . | . . . . . . Traps Extracted . | . . . . . . Installed . | . . . . . . Triggered . | . . . . . . Machines | -11 -10 -10 -9 -9 -9 ---------- Run | Jun Mat Min Mat Min Exi Machines Disabled 4 | . . . 1 1 2 Max in Single Turn 2 | . . . 1 1 2 Machines Repaired . | . . . . . . Machines Sabotaged . | . . . . . . Overloaded Fab Kills . | . . . . . . Hacking | -11 -10 -10 -9 -9 -9 --------- Run | Jun Mat Min Mat Min Exi Machines Accessed 10 | . 3 . 6 . 1 Terminals 8 | . 3 . 5 . . Fabricators . | . . . . . . Repair Stations 1 | . . . 1 . . Recycling Units . | . . . . . . Scanalyzers . | . . . . . . Garrison Access . | . . . . . . Total Hacks 23 | . 6 . 16 . 1 Successful 9 | . 1 . 7 . 1 Failed 14 | . 5 . 9 . . Catastrophic 6 | . . . 6 . . Database Lockouts . | . . . . . . Manual 17 | . 6 . 10 . 1 Terminals 20 | . 6 . 14 . . Fabricators . | . . . . . . Repair Stations 2 | . . . 2 . . Recycling Units . | . . . . . . Scanalyzers . | . . . . . . Garrison Access . | . . . . . . Terminal Hacks 2 | . . . 1 . 1 Branch Access Points 1 | . . . 1 . . EX-Prototype ID Bank 1 | . . . . . 1 Fabricator Hacks . | . . . . . . Repair Station Hacks 2 | . . . 2 . . Scan Component 1 | . . . 1 . . Repair 1 | . . . 1 . . Recycling Unit Hacks . | . . . . . . Scanalyzer . | . . . . . . Garrison Access Hacks . | . . . . . . Unauthorized Hacks 5 | . 1 . 4 . . Terminals 5 | . 1 . 4 . . Botnet 5 | . 1 . 4 . . Fabricators . | . . . . . . Repair Stations . | . . . . . . Recycling Units . | . . . . . . Scanalyzers . | . . . . . . Garrison Access . | . . . . . . Data Cores Recovered 1 | . . . 1 . . Used 1 | . . . 1 . . Hacking Detections 9 | . 3 . 6 . . Full Trace Events . | . . . . . . Feedback Events . | . . . . . . Feedback Blocked . | . . . . . . Robot Schematics Acquired . | . . . . . . Robots Built . | . . . . . . Authchips . | . . . . . . Time . | . . . . . . Total Robot Build Rating . | . . . . . . Part Schematics Acquired . | . . . . . . Parts Built . | . . . . . . Authchips . | . . . . . . Time . | . . . . . . Total Part Build Rating . | . . . . . . Parts Repaired 1 | . . . 1 . . Time 26 | . . . 26 . . Parts Recycled . | . . . . . . Recycled Matter . | . . . . . . Retrieved Matter . | . . . . . . Retrieved Components . | . . . . . . Parts Scanalyzed . | . . . . . . Part Schematics Acquired . | . . . . . . Parts Damaged . | . . . . . . Bothacking | -11 -10 -10 -9 -9 -9 ------------ Run | Jun Mat Min Mat Min Exi Used RIF Installer . | . . . . . . Robots Hacked . | . . . . . . Non-combat . | . . . . . . Combat . | . . . . . . Robot Hacks Applied . | . . . . . . Relay Couplers Released . | . . . . . . Fabnet Peak Effective % . | . . . . . . Robots Rewired . | . . . . . . Allies Hacked . | . . . . . . Hacks Repelled . | . . . . . . Allies | -11 -10 -10 -9 -9 -9 -------- Run | Jun Mat Min Mat Min Exi Total Allies . | . . . . . . Largest Group . | . . . . . . Highest-Rated Group . | . . . . . . Highest-Rated Ally . | . . . . . . Total Orders . | . . . . . . Ally Attacks . | . . . . . . Total Damage . | . . . . . . Kills . | . . . . . . Allies Corrupted . | . . . . . . Allies Melted . | . . . . . . Intel | -11 -10 -10 -9 -9 -9 ------- Run | Jun Mat Min Mat Min Exi Robot Analysis Total . | . . . . . . Derelict Logs Recovered 2 | . . 1 . 1 . Drone Launches . | . . . . . . Drone Recoveries . | . . . . . . Exploration | -11 -10 -10 -9 -9 -9 ------------- Run | Jun Mat Min Mat Min Exi Turns Passed 4465 | 287 451 618 1923 691 495 Spaces Moved 1831 | 122 236 299 708 262 204 Core 86 | 86 . . . . . Treads 1414 | 36 236 240 436 262 204 Legs 331 | . . 59 272 . . Wheels . | . . . . . . Hover . | . . . . . . Flight . | . . . . . . Fastest Speed 50 | 50 160 160 160 160 160 Average Speed 206 | 173 162 167 222 239 237 Slowest Speed 320 | 250 320 240 260 240 240 Overloaded Moves . | . . . . . . Propulsion Burnouts . | . . . . . . Robots Hopped . | . . . . . . Cave-ins Triggered . | . . . . . . Exploration Rate (%) 47 | 8 41 59 63 58 58 Regions Visited 5 Branch Regions 3 Pre-discovered Areas . | . . . . . . Known Exits Taken 1 | . . . 1 . . Unknown Exits Taken 4 | 1 1 1 . 1 . Scrap Searched 1 | . . 1 . . . Spaces Dug . | . . . . . . Terrain Destroyed 36 | . . . 34 . 2 Melee . | . . . . . . Projectile . | . . . . . . AOE 36 | . . . 34 . 2 Terrain Rammed . | . . . . . . Walls Destroyed . | . . . . . . Machines Disabled . | . . . . . . Actions | -11 -10 -10 -9 -9 -9 --------- Run | Jun Mat Min Mat Min Exi Total 2240 | 163 275 362 932 294 214 Wait 131 | 8 8 15 98 2 . Move 1826 | 121 235 298 707 261 204 Hop . | . . . . . . Pick Up 33 | 7 5 7 10 2 2 Fast Attach 20 | 7 1 2 8 2 . Attach 10 | . . 3 5 . 2 Detach . | . . . . . . Swap 19 | 1 3 2 11 2 . Drop 29 | . 4 . 17 6 2 Fire 165 | 19 19 32 73 19 3 Melee . | . . . . . . Ram . | . . . . . . Kick . | . . . . . . Crush 7 | . . 3 3 . 1 Escape Stasis . | . . . . . . Rewire . | . . . . . . Trap . | . . . . . . Miscellaneous . | . . . . . . Route ------- -11/Junkyard -10/Materials (discovered 3 exits: *Mat x2 / [*Min]) -10/Mines -9/Materials (discovered 4 exits: [*Mat x2] / *Min / Sto) -9/Mines (discovered 2 exits: [*Mat] / *Exi) -9/Exiles (discovered 1 exit: [*Min]) History --------- Turn | Location | Event 13 | -11/Junkyard | Discovered new exit (range 16) 288 | -11/Junkyard | Entered Materials 308 | -10/Materials | Build established: Mutant 499 | -10/Materials | Discovered new exit (range 4) 647 | -10/Materials | Discovered new exit (range 11) 666 | -10/Materials | Discovered new exit (range 16) 739 | -10/Materials | Entered Mines 1172 | -10/Mines | Learned Materials stockpile data 1218 | -10/Mines | Core integrity fell below 50% 1256 | -10/Mines | Lost 3 parts (1p2n) 1347 | -10/Mines | Discovered new exit (range 6) 1357 | -10/Mines | Entered Materials 1357 | -9/Materials | Evolved 2 slots: Utility x1, Weapon x1 1517 | -9/Materials | System corruption reached 10% 1547 | -9/Materials | Lost 3 parts (1p1u1w) 2226 | -9/Materials | Discovered new exit (range 16) 2248 | -9/Materials | Build established: Scavenger-Tank 2289 | -9/Materials | Repaired Lgt. Treads 2785 | -9/Materials | Discovered new exit (range 8) 3004 | -9/Materials | Identified exit to Mines 3004 | -9/Materials | Identified exit to Storage 3280 | -9/Materials | Entered Mines 3705 | -9/Mines | Discovered new exit (range 8) 3707 | -9/Mines | Core integrity fell below 50% 3746 | -9/Mines | Received a Rocket Launcher from a helpful Derelict 3878 | -9/Mines | Learned 2 Materials zone layouts 3891 | -9/Mines | Assembled infested the area 3962 | -9/Mines | Deemed a non-threat by the Exiles lab entrance 3962 | -9/Mines | Discovered new exit (range 5) 3971 | -9/Mines | Entered Exiles 4003 | -9/Exiles | Discovered new exit (range 15) 4031 | -9/Exiles | Met 8R-AWN 4072 | -9/Exiles | Met EX-HEX 4137 | -9/Exiles | Met EX-BIN 4166 | -9/Exiles | Aligned with FarCom system 4168 | -9/Exiles | Given EX-Vault access code 4223 | -9/Exiles | Opened EX-Vault 4243 | -9/Exiles | Found Field Lobotomy Kit 4292 | -9/Exiles | Warned to stay clear of 0b10 Research branches 4359 | -9/Exiles | Met EX-DEC 4439 | -9/Exiles | Attacked by the Exiles 4459 | -9/Exiles | Core integrity fell below 20% 4466 | -9/Exiles | Destroyed by DAS Turret with DAS Cannon Last Messages --------------- time, folks! 04447_ Cooling System destroyed. 04447_ System corrupted by crushing effect (+2). 04448_ Hvy. Assault Rifle destroyed. 04449_ Slammed into as-57332. 04455_ EX-BIN: "I just want to science!" 04457_ Q SUJ72H/3R6KHBZU=UY8 M2P>TU 04460_ Autogun destroyed. 04460_ Hrd. Light Armor Plating destroyed. 04461_ Lgt. Treads destroyed. 04463_ Autogun destroyed. 04464_ Rocket Launcher destroyed. 04466_ as-57332 destroyed. 04466_ VN-V4J(z) destroyed. 04466_ as-80726 destroyed. 04466_ Machine disabled. 04466_ as-20708 destroyed. 04466_ as-08488 destroyed. 04466_ Imp. Ion Engine destroyed. 04466_ Grenade Launcher destroyed. Map ----- +----------------------------------------------------+ | ????????????????" ??????????##" ###########??? | | ????????????????# ?????????##"" #????????????? | | ??????????????### ##??######"" #????????????? | | ??????????#####X# #"###""""""" ##???????????? | | ????????? """""" " "" ##???######## | | ???????? "" """ " #####""""""" | | ???????? " " " """ " | | ??????? "" | | ??????? " | | ??????? | | ???????# | | ????????#" | | ????????#""" """""" | | ????????#" ######""" | | ????????"" ""##????#####""" | | ???????#""" """##?????????##""" | | ???????""" """##???????????#"""" | | ???????""" ""#????????????#"" | | ???????"" ########??####"""" | | ???????""" ##aaa####""" | | ???????"" """" | | ???????#"" t | | ????????"""" % | | ????????# %aaa % " | | ????????#" %% % "" """ | | ????????#"""" @%/ "## ##""" " " ""#" | | ????????#"" " ## #?####""" """##" | | ?????????" """"##### #??????#"""???## | | ?????????""" """#??## ####???##??????? | | ?????????# ""##??#! "!#???????????? | | ?????????#"" """##???#" !#???????????? | | ???????????""" ##????#" !"#???????????? | | ????????????"""" ##?????#!!"" "#???????????? | | ?????????????# #??????########???????????? | | ??????????????#### c #??????????????????????????? | | ?????????????????## ???????????????????????????? | | ??????????????????# ???????????????????????????? | | ??????????????????? ???????????????????????????? | | ?????????????????????????????????????????????????? | | ?????????????????????????????????????????????????? | | ?????????????????????????????????????????????????? | | ?????????????????????????????????????????????????? | | ?????????????????????????????????????????????????? | | ?????????????????????????????????????????????????? | | ?????????????????????????????????????????????????? | | ?????????????????????????????????????????????????? | | ?????????????????????????????????????????????????? | | ?????????????????????????????????????????????????? | | ?????????????????????????????????????????????????? | | ?????????????????????????????????????????????????? | +----------------------------------------------------+ Best States ------------- Heat Dissipation 50 Energy Generation 12 Energy Capacity 265 Matter Stores 300 Matter Capacity 300 Sight Range 16 Terrain Scan Density 10 Armor Coverage 150 Evasion (%) 50 Targeting Accuracy 5 Recoil Reduction 2 Item Schematics ----------------- None Robot Schematics ------------------ None Fabricated ------------ Nothing Alien Tech Used ----------------- None Achievements -------------- None Challenges ------------ None Game ------ Seed DecoySignalTreads Manual? 0 Play Time 00:18:48 Cumulative 109.2 hours Start 2023.05.21 @ 14:50:56 End 2023.05.21 @ 15:07:56 Sessions 1 Manual Loads 0 Difficulty Rogue Special Mode None Game No. 163 Rogue 163 Adventurer 0 Explorer 0 Win Type - Total 1 Types 1/0/0/0/0/0/0/0/0 Lore% 59 Gallery% 63 Achievement% 48 Wizard Run 0 Options --------- ASCII 0 Keyboard 0 Movement Numpad Keybinds 0 Fullscreen 1 Font 18/SmallcapsGlow Map View 76x50 Tactical HUD 1 Map Filters NONE Filters NONE Steam 1 RUN: 6212d1d1-bbab-4a17-b621-2b2fecb0bdc7